 Dungeon Crawl Stone Soup version 0.20.1-1-g8b1a95d (webtiles) character file.

23 Monsterracer the Vexing (level 3, -5/26 HPs)
             Began as a Human Arcane Marksman on Aug 17, 2017.
             Slain by a gnoll
             ... wielding a +0 halberd
              (6 damage)
             ... on level 1 of the Dungeon.
             The game lasted 00:03:17 (1544 turns).

Monsterracer the Vexing (Human Arcane Marksman)     Turns: 1544, Time: 00:03:18

Health: -5/26      AC:  2    Str: 10    XL:     3   Next: 10%
Magic:  4/4        EV: 13    Int: 13    God:
Gold:   61         SH:  0    Dex: 14    Spells: 1/4 levels left

rFire    . . .     SeeInvis .   a - +0 shortbow
rCold    . . .     Gourm    .   (shield currently unavailable)
rNeg     . . .     Faith    .   e - +0 robe
rPois    .         Spirit   .   (no helmet)
rElec    .         Reflect  .   (no cloak)
rCorr    .         Harm     .   (no gloves)
MR       .....                  (no boots)
Stlth    +.........             (no amulet)
Regen    0.1/turn               (no ring)
MPRegen  0.1/turn               (no ring)

@: no status effects
A: no striking features
a: no special abilities


You were on level 1 of the Dungeon.
You were not hungry.

You visited 1 branch of the dungeon, and saw 2 of its levels.

You collected 61 gold pieces.

Inventory:

Hand Weapons
 a - a +0 shortbow (weapon)
 b - a +0 dagger
Missiles
 d - 35 arrows (quivered)
Armour
 e - a +0 robe (worn)
Scrolls
 h - a scroll of recharging {unknown}
 k - a scroll of remove curse {unknown}
 m - a scroll of immolation {unknown}
 o - a scroll of magic mapping {unknown}
 p - a scroll of enchant armour {unknown}
 r - 3 scrolls of identify {unknown}
 t - a scroll of amnesia {unknown}
Potions
 g - a potion of curing {unknown}
 j - a potion of cancellation {unknown}
 l - a potion of heal wounds {unknown}
 n - a potion of brilliance {unknown}
 q - a potion of lignification {unknown}
 u - a potion of ambrosia {unknown}
Books
 c - a book of Debilitation

   Spells                             Type                      Level
   a - Corona                         Hexes                        1
   b - Slow                           Hexes                        2
   c - Inner Flame                    Hexes/Fire                   3
   d - Portal Projectile              Hexes/Translocation          3
   e - Cause Fear                     Hexes                        4
   f - Leda's Liquefaction            Hexes/Earth                  4
Comestibles
 f - 2 bread rations
 i - a meat ration
 s - a royal jelly


   Skills:
 + Level 1.6 Fighting
 * Level 2.6 Bows
 + Level 2.4 Dodging
 - Level 1.0 Spellcasting
 - Level 3.0 Hexes


You had one spell level left.
You knew the following spells:

 Your Spells              Type           Power        Failure   Level  Hunger
a - Corona                Hex            #......      9%          1    ##.....
b - Slow                  Hex            #.......     12%         2    ###....


Dungeon Overview and Level Annotations

Branches:
Dungeon (2/15)

Altars:


Message History

There is a stone staircase leading down, spattered with blood here.
d - 35 arrows (gained 1)
There is a stone staircase leading down, spattered with blood here.
All of the chunks of flesh in your inventory have rotted away.
You climb downwards.
The gnoll shouts!
You hear a shout!
The gnoll misses you. The gnoll hits you with a spear.
There is a stone staircase leading up here.
Damage: -19%(-5hp) hp: 81%(21hp)
The gnoll misses you. The gnoll hits you with a spear!
* * * LOW HITPOINT WARNING * * *
You climb upwards.
There is a stone staircase leading down, spattered with blood here.
Huge Dmg: -31%(-8hp) hp: 50%(13hp) Unknown command.
Unknown command.
The gnoll hits you from afar with a spear!
* * * LOW HITPOINT WARNING * * *
The gnoll hits you from afar with a halberd.
You die...

#.....#.##.# #..........
.....##.##.##### ####.##....
##..)........).# #.##....
##.##.#######.# #.##.... #.##.#
#.# #.###### ##+##.# #.###
#####.### ##...#.# #...#
#.......# # #......# #.#.#
#.###.#.#### .......# #.#@#
#...........
.......#######.#>#####.#........#
...............g.g..........#...#
........####...#.#####...#...#..#
.......## ##.##.# #....#..#..#
#...♣.♣# #####.# #.....#..#.#
##....# #.....# #..#...#.#.#
##♣+♣.♣ #.##### #...##..#.#.
#.....# #.# #.....##.#..


You could see 2 gnolls.

Vanquished Creatures
  A gnoll (D:1)
  2 giant cockroaches (D:1)
  A hobgoblin (D:1)
  A bat (D:1)
  5 goblins (D:1)
  A kobold (D:1)
  3 rats (D:1)
14 creatures vanquished.

Notes
Turn   | Place    | Note
-------+----------+-------------------------------------------
     0 | D:1      | Monsterracer the Human Arcane Marksman began the quest for the Orb.
     0 | D:1      | Reached XP level 1. HP: 15/15 MP: 2/2
   498 | D:1      | Reached XP level 2. HP: 21/21 MP: 3/3
   604 | D:1      | Learned a level 2 spell: Slow
  1278 | D:1      | HP: 10/21 [gnoll/whip (5)]
  1280 | D:1      | HP: 4/21 [gnoll/whip (6)]
  1303 | D:1      | Reached XP level 3. HP: 7/26 MP: 1/4
  1542 | D:2      | HP: 13/26 [gnoll/spear (8)]
  1544 | D:1      | HP: 1/26 [gnoll/spear (12)]
  1544 | D:1      | Slain by a gnoll

Action                   || total
-------------------------++-------
Melee: Whip              ||    15
       Club              ||     6
       Dagger            ||    34
 Fire: Shortbow          ||    10
 Cast: Corona            ||     7
       Slow              ||     1
 Stab: Distracted        ||     1
  Eat: Chunk             ||     2
Armor: Robe              ||     7
Dodge: Dodged            ||    43
